 Dungeon Crawl Stone Soup version 0.31-a0-609-g7bf6ffcfed (webtiles) character file.

Game seed: 169185452791868439

12 thirtiethelement the Trooper (level 2, -2/24 HPs)
             Began as a Demonspawn Cinder Acolyte on Aug 21, 2023.
             Was a High Priest of Ignis.
             Slain by Natasha (7 damage)
             ... on level 2 of the Dungeon.
             The game lasted 00:01:09 (377 turns).

thirtiethelement the Trooper (DsCA)                  Turns: 377, Time: 00:01:10

Health: -2/24      AC:  2    Str: 14    XL:     2   Next: 20%
Magic:  2/3        EV: 11    Int: 15    God:    Ignis [*****.]
Gold:   50         SH:  0    Dex:  8    Spells: 1/3 levels left

rFire   + . .        a - -1 hand axe (flame)
rCold   . . .        (no shield)
rNeg    . . .        b - +0 robe
rPois   .            (helmet restricted)
rElec   .            (no cloak)
rCorr   .            (no gloves)
SInv    .            (no boots)
Will    .....        (no amulet)
Stlth   +            (no ring)
HPRegen 0.24/turn    (no ring)
MPRegen 0.08/turn

%: no passive effects
@: slowed, very slow
A: antennae 1
a: Renounce Religion, Fiery Armour, Foxfire Swarm, Rising Flame


You were on level 2 of the Dungeon.
You worshipped Ignis.
Ignis was extremely pleased with you.
You visited 1 branch of the dungeon, and saw 2 of its levels.

You collected 50 gold pieces.

Inventory:

Hand Weapons
 a - a -1 hand axe of flaming (weapon)
Armour
 b - a +0 robe (worn)


   Skills:
 + Level 3.2 Fighting
 + Level 2.8 Axes
 + Level 1.0 Spellcasting
 + Level 3.0 Fire Magic


You had one spell level left.
You knew the following spells:

 Your Spells              Type           Power      Damage    Failure   Level
a - Scorch                Fire           18%        2d5       11%         2

Your spell library contained the following spells:

 Spells                   Type           Power      Damage    Failure   Level


Dungeon Overview and Level Annotations

Branches:
Dungeon (1/15)

Altars:

Annotations:
D:2 Natasha


Innate Abilities, Weirdness & Mutations

You have a pair of small antennae on your head.


Message History

You miscast Scorch.
You are very lightly contaminated with residual magic.
Nothing appears to happen.
You hit the giant cockroach. You burn the giant cockroach.
The giant cockroach is heavily wounded.
The giant cockroach misses you. The giant cockroach closely misses you.
You hit the giant cockroach. You burn the giant cockroach.
You kill the giant cockroach!
You see here a giant cockroach corpse.
You see here 3 poisoned darts.
Found a stone staircase leading down.
Your magical contamination has completely faded away.
Natasha, Servant of Life and Death comes into view.
Found a scroll labelled FOSHOL VILON.
Natasha hisses angrily.
Casting: Scorch (safe; 11% risk of failure)
Confirm with . or Enter, or press ? or * to list all spells.
Okay, then.
Natasha claws you.
You hit Natasha. You burn Natasha.
Natasha is moderately wounded.
Natasha casts a spell at you.
You feel yourself slow down.
Natasha mumbles some strange words.
You barely miss Natasha.
Natasha is moderately wounded.
Natasha claws you.
You barely miss Natasha.
Natasha is moderately wounded.
The cerulean imp closely misses you. Natasha barely misses you.
The cerulean imp barely misses you. Natasha claws you.
You hit Natasha. You burn Natasha.
Natasha is almost dead.
The cerulean imp closely misses you. Natasha claws you!
* * * LOW HITPOINT WARNING * * *
The cerulean imp hits you from afar with a +0 spear.
* * * LOW HITPOINT WARNING * * *
Natasha claws you!
You die...
Natasha curls up and begins to purr.

###..#+#..###
#.##... ..
#.##.##.#
#.......# ##
####†#### ... #(#
.... . #.# .....
....###.###......
.........@h......
###......>.5.....
##.##.##.#.....
#....# .# ####
...... .. .#.....
.## #.##.#.# ##
#..?.


You could see Natasha and a cerulean imp (summoned).

Vanquished Creatures
  An endoplasm (D:1)
  A giant cockroach (D:2)
  4 goblins (D:1)
  A hobgoblin (D:1)
  A quokka (D:1)
  A ball python (D:2)
  A frilled lizard (D:2)
10 creatures vanquished.

Notes
Turn   | Place    | Note
-------+----------+-------------------------------------------
     0 | D:1      | thirtiethelement the Demonspawn Cinder Acolyte began the
                  | quest for the Orb.
     0 | D:1      | Reached XP level 1. HP: 18/18 MP: 2/2
   213 | D:1      | Gained mutation: You have a pair of small antennae on your
                  | head. [demonic ancestry]
   213 | D:1      | Reached XP level 2. HP: 24/24 MP: 3/3
   273 | D:1      | You fall into a shaft and drop 1 floor!
   324 | D:2      | Learned a level 2 spell: Scorch
   371 | D:2      | Noticed Natasha
   377 | D:2      | Slain by Natasha

Illustrated notes

Levels and vault maps discovered:
D:1:      dpeg_cavernosity, layout_basic
D:2:      layout_loops_cross, nicolae_concentric_dashed_squares_mild,
          nicolae_hexahallways, uniq_robin, uniq_natasha, uniq_sigmund

Skill      XL: |  1 |
---------------+----+-----
Fire Magic     | 3 |  3.0
Fighting       | |  3.2
Axes           | |  2.8
Spellcasting   | |  1.0

Action                     || total
---------------------------++-------
  Melee: Hand axe          ||    21
 Armour: Robe              ||     1
  Dodge: Dodged            ||    13

Table legend: (Time is in decaauts)
 A = Elapsed time spent in this place.
 B = Non-inter-level travel time spent in this place.
 C = Inter-level travel time spent in this place.
 D = Time resting spent in this place.
 E = Time spent auto-exploring this place.
 F = Levels seen in this place.
 G = Mean time per level.
                   A        B        C        D        E       F      G
               +--------+--------+--------+--------+--------+-----+--------+
         Total |    380 |    380 |      0 |      0 |    232 |   2 |  190.0 |
       Dungeon |    380 |    380 |      0 |      0 |    232 |   2 |  190.0 |
               +--------+--------+--------+--------+--------+-----+--------+

Top non-repeatable levels by time:
     D:1: 274 daAuts
     D:2: 106 daAuts
